 Dungeon Crawl Stone Soup version 0.20-b1-18-gaa2fd62 (webtiles) character file.

1661 Gorglomux the Basher (level 9, -3/57 HPs)
             Began as a Gargoyle Fighter on May 24, 2017.
             Was a Follower of Okawaru.
             Slain by an orc warrior
             ... wielding a +0 flail
              (16 damage)
             ... on level 6 of the Dungeon.
             The game lasted 00:06:15 (4173 turns).

Gorglomux the Basher (Gargoyle Fighter)             Turns: 4173, Time: 00:06:16

Health: -3/57      AC: 13    Str: 26    XL:     9   Next: 0%
Magic:  0/9        EV: 11    Int:  8    God:    Okawaru [*.....]
Gold:   195        SH: 15    Dex: 10    Spells: 8/8 levels left

rFire    . . .     SeeInvis .   a - +0 flail
rCold    . . .     Gourm    .   c - +0 shield
rNeg     + . .     Faith    .   b - +0 scale mail
rPois    ∞         Spirit   +   (no helmet)
rElec    +         Reflect  .   (no cloak)
rCorr    .         Harm     .   (no gloves)
MR       .....                  (no boots)
Stlth    +.........             j - amulet of guardian spirit {Spirit}
Regen    0.2/turn               k - +2 ring of strength
MPRegen  0.2/turn               u - +3 ring of strength

@: heroism, drained
A: hooves 1, large bone plates 1, clumsy 1, high mp 1, negative energy
resistance 1, electricity resistance, unbreathing, petrification resistance, rot
immunity, AC +5
a: Heroism, Renounce Religion


You were on level 6 of the Dungeon.
You worshipped Okawaru.
Okawaru was aware of your devotion.
You were not hungry.

You visited 1 branch of the dungeon, and saw 6 of its levels.

You collected 195 gold pieces.

Inventory:

Hand Weapons
 a - a +0 flail (weapon)
 B - a +2 dire flail of protection
   (You took it off Edmund on level 6 of the Dungeon)
Armour
 b - a +0 scale mail (worn)
 c - a +0 shield (worn)
Jewellery
 j - an amulet of guardian spirit (around neck) {Spirit}
   (You took it off a goblin on level 2 of the Dungeon)
 k - a +2 ring of strength (left hand)
   (You found it on level 2 of the Dungeon)
 u - a +3 ring of strength (right hand)
   (You found it on level 4 of the Dungeon)
 C - an uncursed amulet of harm
   (You found it on level 5 of the Dungeon)
Wands
 w - a wand of polymorph (0/24)
   (You took it off Natasha on level 4 of the Dungeon)
 x - a wand of digging (12/24)
   (You found it on level 4 of the Dungeon)
Scrolls
 e - 5 scrolls of identify {unknown}
 g - 2 scrolls of remove curse
 h - 3 scrolls of teleportation
 i - a scroll of fog {unknown}
 p - a scroll of enchant armour {unknown}
 r - a scroll of enchant weapon {unknown}
 t - a scroll of amnesia {unknown}
Potions
 d - a potion of might
 l - a potion of resistance {unknown}
 m - 2 potions of lignification {unknown}
 n - a potion of curing {unknown}
 o - a potion of berserk rage {unknown}
 q - 2 potions of agility {unknown}
 v - a potion of mutation {!q}
Books
 y - a book of Minor Magic
   (You found it on level 5 of the Dungeon)
Comestibles
 f - 5 bread rations {@e1}
 s - 3 meat rations {@e2}
 z - 2 royal jellies
 A - 2 fruits
 D - 2 chunks of flesh {@w0}


   Skills:
 + Level 7.6(12.5) Fighting
 * Level 9.4(14.3) Maces & Flails
 - Level 3.2(8.2) Armour
 - Level 3.2(8.2) Shields


You had 8 spell levels left.
You didn't know any spells.

Dungeon Overview and Level Annotations

Branches:
Dungeon (6/15)
 Temple: D:4-7

Altars:
Elyvilon
Fedhas
Kikubaaqudgha
Okawaru


Innate Abilities, Weirdness & Mutations

You are resistant to torment.
Your stone body is resilient. (AC +5)
You are immune to poison.
You resist negative energy. (rN+)
You are resistant to electric shocks. (rElec)
You can survive without breathing.
You are immune to petrification.
You are immune to rotting.
You have large cloven feet.
You are partially covered in large bone plates. (SH +4)
You are clumsy. (Dex -2)
You have an increased reservoir of magic. (+10% MP)


Message History

No target in view!
Unknown command.
Unknown command.
A worker ant comes into view.
The worker ant twitches its antennae in your direction.
The worker ant moves out of view.
Unknown command.
The worker ant is too close now for your liking.
A worker ant and an orc come into view.
Unknown command.
There are monsters nearby!
Unknown command.
There are monsters nearby!
An orc wizard comes into view. It is wielding a dagger.
The orc wizard shouts!
The orc shouts!
The worker ant waves its antennae.
The orc wizard casts a spell at you. The magic dart hits you!
An orc warrior comes into view. It is wielding a flail.
The worker ant bites you but does no damage.
The orc wizard casts a spell at you. The magic dart hits you!
You block the worker ant's attack.
You sock the worker ant!
You kick the worker ant, but do no damage.
The orc wizard gestures wildly while chanting.
The orc wizard seems to speed up.
An orc priest comes into view. It is wielding a club.
You hit the worker ant.
The worker ant bites you but does no damage.
You closely miss the worker ant.
You kick the worker ant, but do no damage.
The orc wizard mumbles some strange words.
The orc wizard blinks!
The worker ant closely misses you.
You sock the worker ant!
You kill the worker ant!
Okawaru accepts your kill.
There are monsters nearby!
You thump the orc!
You kill the orc!
Okawaru accepts your kill.
You see here a flail.
You bludgeon the orc priest!!
You kill the orc priest!
Okawaru accepts your kill.
You closely miss the orc wizard. Your kick misses the orc wizard.
The orc wizard hits you but does no damage.
Unknown command.
You sock the orc wizard! You block the orc wizard's attack.
You bludgeon the orc wizard!!
You kill the orc wizard!
Okawaru accepts your kill.
You have reached level 9!
Your experience leads to an increase in your attributes!
Your base attributes are Str 21, Int 8, Dex 11.
Increase (S)trength, (I)ntelligence, or (D)exterity?
You feel agile. (m)acro, (M)acro raw, keymap [(k) default, (x) level-map, (t)argeting, (c)onfirm, m(e)nu], (s)ave?
Input macro trigger key: & Current Action: aa.
Do you wish to (r)edefine, (c)lear, or (a)bort?
Cleared macro '&' => 'aa.'.
Things that are here:
a dagger; a robe An orc warrior is nearby!
An orc warrior is nearby!
Unknown command.
An orc warrior is nearby!
You feel like a meek peon again. The orc warrior hits you with a flail!
You barely miss the orc warrior. The orc warrior hits you with a flail!
You sock the orc warrior!
You kick the orc warrior, but do no damage.
The orc warrior hits you with a flail!
You are too injured to fight recklessly!
You are too injured to fight recklessly!
You are too injured to fight recklessly!
You are too injured to fight recklessly!
You are too injured to fight recklessly!
You are too injured to fight recklessly!
You are too injured to fight recklessly!
Unknown command.
An orc warrior is nearby!
Unknown command.
You closely miss the orc warrior. You block the orc warrior's attack.
You hit the orc warrior but do no damage.
Your kick misses the orc warrior. You hit the orc warrior.
You kick the orc warrior, but do no damage.
You block the orc warrior's attack.
You hit the orc warrior. The orc warrior hits you with a flail!
You gain the combat prowess of a mighty hero.
The orc warrior completely misses you.
You barely miss the orc warrior.
You kick the orc warrior, but do no damage.
The orc warrior hits you with a flail!
* * * LOW HITPOINT WARNING * * *
You hit the orc warrior. Your kick misses the orc warrior.
You hit the orc warrior. Your kick misses the orc warrior.
The orc warrior hits you with a flail!
You die...

.. .# ####.####.##
#..........
#.........#
#.........#
#........!#
#......o..# ..
.......@..# ...
..........#####...
..........#.......
#.......).#.......
#......)..#.......
#######..##†......
..# ###.)......#
##..####..........#
.....#...#.##.....#


You could see an orc warrior.

Vanquished Creatures
  A wyvern (D:5)
  Edmund (D:6)
  An ice beast (D:5)
  A sky beast (D:5)
  3 centaurs
  A scorpion (D:6)
  A howler monkey (D:3)
  5 crimson imps
  2 hounds (D:6)
  A quasit (D:5)
  3 orc priests
  2 orc wizards
  Natasha (thrice) (D:4)
  6 worker ants
  A hound zombie (D:5)
  A worker ant zombie (D:5)
  3 gnolls
  A howler monkey skeleton (D:5)
  7 adders
  A shadow imp (D:4)
  An ooze (D:2)
  3 worms
  A dart slug (D:3)
  3 leopard geckos
  12 orcs
  3 ball pythons
  5 giant cockroaches
  6 goblins
  8 hobgoblins
  14 jackals
  6 kobolds
  A quokka (D:2)
  4 bats
  3 frilled lizards
  4 rats
119 creatures vanquished.

Notes
Turn   | Place    | Note
-------+----------+-------------------------------------------
     0 | D:1      | Gorglomux the Gargoyle Fighter began the quest for the Orb.
     0 | D:1      | Reached XP level 1. HP: 14/14 MP: 1/1
     6 | D:1      | Noticed a polar bear
     6 | D:1      | Noticed a hound
     6 | D:1      | Noticed a black mamba
     6 | D:1      | Noticed a wyvern
     6 | D:1      | Noticed a worker ant
    62 | D:1      | Reached XP level 2. HP: 18/19 MP: 2/2
   535 | D:2      | HP: 4/20 [jackal (2)]
   540 | D:2      | Gained mutation: You are clumsy. (Dex -2) [potion of mutation]
   540 | D:2      | Gained mutation: You have an increased reservoir of magic. (+10% MP) [potion of mutation]
   540 | D:2      | Gained mutation: You have large cloven feet. [potion of mutation]
   540 | D:2      | Gained mutation: You are partially covered in large bone plates. (SH +4) [potion of mutation]
   548 | D:2      | Reached skill level 3 in Maces & Flails
   548 | D:2      | Reached XP level 3. HP: 6/24 MP: 3/3
   785 | D:2      | Reached skill level 4 in Fighting
   987 | D:2      | Reached XP level 4. HP: 26/29 MP: 4/4
  1220 | D:3      | Reached skill level 4 in Maces & Flails
  1405 | D:2      | Reached XP level 5. HP: 16/33 MP: 3/5
  1683 | D:3      | Reached skill level 5 in Maces & Flails
  1692 | D:3      | Reached XP level 6. HP: 40/40 MP: 6/6
  1762 | D:3      | Found a white marble altar of Elyvilon.
  1770 | D:3      | Reached skill level 5 in Fighting
  1783 | D:3      | Became a worshipper of Elyvilon the Healer
  1872 | D:3      | Found an ancient bone altar of Kikubaaqudgha.
  1874 | D:3      | Found a blossoming altar of Fedhas.
  2079 | D:4      | Noticed Natasha
  2145 | D:4      | Killed Natasha
  2394 | D:4      | Reached * piety under Elyvilon
  2421 | D:4      | Noticed Natasha
  2507 | D:4      | Killed Natasha
  2508 | D:4      | Noticed Natasha
  2515 | D:4      | Killed Natasha
  2648 | D:5      | Entered Level 5 of the Dungeon
  2746 | D:5      | Reached skill level 6 in Maces & Flails
  2746 | D:5      | Reached XP level 7. HP: 32/45 MP: 5/7
  2941 | D:5      | Reached skill level 6 in Fighting
  2953 | D:5      | Found an iron altar of Okawaru.
  2969 | D:5      | Reached skill level 7 in Maces & Flails
  3132 | D:5      | Fell from the grace of Elyvilon
  3132 | D:5      | Became a worshipper of Warmaster Okawaru
  3343 | D:5      | Reached XP level 8. HP: 52/52 MP: 5/8
  3636 | D:5      | Noticed a wyvern
  3650 | D:5      | Killed a wyvern
  3650 | D:5      | Reached * piety under Okawaru
  3650 | D:5      | Reached skill level 8 in Maces & Flails
  3794 | D:6      | Reached skill level 7 in Fighting
  3837 | D:6      | Noticed Edmund
  3870 | D:6      | Killed Edmund
  3922 | D:6      | Reached skill level 9 in Maces & Flails
  4159 | D:6      | Reached XP level 9. HP: 56/57 MP: 4/9
  4171 | D:6      | HP: 13/57 [orc warrior/flail (7)]
  4173 | D:6      | Slain by an orc warrior

Skill      XL: |  1  2  3  4  5  6  7  8 |
---------------+-------------------------+-----
Maces & Flails | 3 4 5 6 7 9 |  9.4
Fighting       | 4 5 6 7 |  7.6
Armour         | |  3.2
Shields        | |  3.2

Action                   |  1- 3 |  4- 6 |  7- 9 || total
-------------------------+-------+-------+-------++-------
Melee: Flail             |   131 |   183 |   226 ||   540
       Kick              |    19 |    32 |    66 ||   117
       Unarmed           |       |    20 |       ||    20
Invok: Lesser Healing    |       |       |     1 ||     1
       Heroism           |       |       |     6 ||     6
  Use: Potion            |     2 |       |       ||     2
       Scroll            |       |     2 |     1 ||     3
  Eat: Chunk             |       |     7 |     5 ||    12
Armor: Scale mail        |   114 |    86 |   100 ||   300
       Skin              |       |     1 |       ||     1
Dodge: Dodged            |    57 |    80 |    62 ||   199
Block: Shield            |   117 |   162 |   182 ||   461

Vault maps used:
D:1:      onia_arrival_zoo_common, st_stairs_1, kennysheep_decorative_pillar
D:2:      minmay_pentomino_p4
D:3:      grunt_temple_overflow_growth_and_decay, old_standard_altar,
          first_bread
D:4:      uniq_natasha
D:5:      okawaru_trees_1, kennysheep_generic_room_16
D:6:      grunt_temple_overflow_lords_of_destruction, feat_on_display,
          uniq_edmund

Table legend:
 A = Turns spent in this place as a percentage of turns spent in the entire game.
 B = Non-inter-level travel turns spent in this place as a percentage of non-inter-level travel turns spent in the entire game.
 C = Inter-level travel turns spent in this place as a percentage of turns spent in this place.
 D = Turns resting spent in this place as a percentage of non-inter-level travel turns spent in this place.
 E = Turns spent auto-exploring this place as a percentage of non-inter-level travel turns spent in this place.
 F = Non-inter-level travel turns spent in this place divided by the number of levels of this place that you've seen.
                   A       B       C       D       E      F
               +-------+-------+-------+-------+-------+----------------------
         Total | 100.0 | 100.0 |   0.3 |   1.1 |   6.9 | 386.3
       Dungeon | 100.0 | 100.0 |   0.3 |   1.1 |   6.9 | 386.3
               +-------+-------+-------+-------+-------+----------------------

Table legend:
 A = Kills in this place as a percentage of kills in entire the game.
 B = Kills by you in this place as a percentage of kills by you in the entire game.
 C = Kills by friends in this place as a percentage of kills by friends in the entire game.
 D = Other kills in this place as a percentage of other kills in the entire game.
 E = Experience gained in this place as a percentage of experience gained in the entire game.
 F = Experience gained in this place divided by the number of levels of this place that you have seen.
                   A       B       C       D       E      F
               +-------+-------+-------+-------+-------+----------------------
         Total | 100.0 | 100.0 |  -nan |  -nan | 100.0 | 395.7
       Dungeon | 100.0 | 100.0 |  -nan |  -nan | 100.0 | 395.7
               +-------+-------+-------+-------+-------+----------------------
